 Dungeon Crawl Stone Soup version 0.28.0-45-g0d030f2227 (webtiles) character file.

Game seed: 7913152396449119426

11519 Fartwhistle the Destroyer (level 11, -1/82 HPs)
             Began as a Black Draconian Conjurer on Apr 19, 2022.
             Was a Believer of Hepliaklqana.
             Slain by a centaur warrior simulacrum (16 damage)
             ... on level 10 of the Dungeon.
             The game lasted 00:48:05 (18980 turns).

Fartwhistle the Destroyer (DrCj)                   Turns: 18980, Time: 00:48:06

Health: -1/82      AC:  7    Str:  9    XL:     11   Next: 50%
Magic:  20/22      EV: 13    Int: 23    God:    Hepliaklqana [**....]
Gold:   624        SH:  5    Dex: 10    Spells: 11/24 levels left

rFire   . . .      SeeInvis .   k - +1 hand axe (freeze)
rCold   . . .      Faith    .   (no shield)
rNeg    . . .      Spirit   .   (armour unavailable)
rPois   +          Reflect  +   (helmet restricted)
rElec   +          Harm     .   (no cloak)
rCorr   .          Rampage  .   (no gloves)
Will    .....                   (no boots)
Stlth   ++........              f - amulet of reflection
HPRegen 0.23/turn               c - ring of poison resistance
MPRegen 0.18/turn               (no ring)

@: swift, slowed
A: reduced essence, breathe lightning, AC +7, unfitting armour, electricity
resistance, cold-blooded
a: Breathe Lightning, Renounce Religion, Recall Ancestor, Ancestor Identity


You were on level 10 of the Dungeon.
You worshipped Hepliaklqana.
Hepliaklqana was pleased with you.
You visited 2 branches of the dungeon, and saw 11 of its levels.

You collected 624 gold pieces.

Inventory:

Hand Weapons
 k - a +1 hand axe of freezing (weapon)
 x - the +6 rapier of Arrival {vorpal, *Noise Drain rF+++ SInv}
   (You found it on level 9 of the Dungeon)

   It inflicts extra damage upon your enemies.
   rF:        It renders you almost immune to fire.
   SInv:      It lets you see invisible.
   *Noise:    It may make noises in combat.
   Drain:     It drains your maximum health when unequipped.
Jewellery
 a - a ring of ice
 c - a ring of poison resistance (left hand)
 f - an amulet of reflection (around neck)
 l - a ring of flight
 w - a ring of ice
Wands
 q - a wand of flame (51)
 t - a wand of paralysis (7)
 u - a wand of acid (13)
 v - a wand of iceblast (11)
Scrolls
 b - a scroll of silence {unknown}
 e - a scroll of fog
 g - a scroll of magic mapping {unknown}
 h - a scroll of vulnerability {unknown}
 o - 5 scrolls of teleportation {unknown}
 y - a scroll of identify
 z - a scroll of amnesia {unknown}
 A - a scroll of brand weapon {unknown}
Potions
 d - 2 potions of lignification
 i - a potion of degeneration
 j - a potion of haste
 m - 3 potions of curing
 n - a potion of brilliance {unknown}
 p - a potion of magic {unknown}
 r - a potion of might {unknown}
 s - a potion of flight


   Skills:
 + Level 7.3 Fighting
 + Level 6.2 Dodging
 - Level 1.7 Stealth
 + Level 7.4 Spellcasting
 + Level 11.4 Conjurations
 * Level 10.7 Air Magic


You had 11 spell levels left.
You knew the following spells:

 Your Spells              Type           Power      Damage    Failure   Level
a - Magic Dart            Conj           100%       1d8       1%          1
b - Searing Ray           Conj           100%       2d8       1%          2
c - Dazzling Flash        Conj/Hex       68%        N/A       2%          3
d - Swiftness             Air            55%        N/A       1%          3
e - Airstrike             Air            27%        N/A       1%          4

Your spell library contained the following spells:

 Spells                   Type           Power      Damage    Failure   Level
 Foxfire                  Conj/Fire      100%       2x1d9     1%          1
 Shock                    Conj/Air       100%       1d9       1%          1
 Conjure Flame            Conj/Fire      34%        6-21      2%          3
 Flame Wave               Conj/Fire      34%        2d8       7%          4
 Fulminant Prism          Conj/Hex       17%        3d11      7%          4
 Iskenderun's Mystic Bla  Conj/Tloc      34%        2d8       7%          4
 Irradiate                Conj/Tmut      17%        3d19      21%         5
 Inner Flame              Hex/Fire       8%         N/A       22%         3
 Blade Hands              Tmut           4%         N/A       90%         5
 Dragon Form              Tmut           4%         N/A       100%        7


Dungeon Overview and Level Annotations

Branches:
Dungeon (10/15)            Temple (1/1) D:4            Lair (0/6) D:10
    Orc (0/2) D:10

Altars:
Ashenzari
Cheibriados
Dithmenos
Elyvilon
Fedhas
Gozag
Hepliaklqana
Kikubaaqudgha
Makhleb
Nemelex Xobeh
Okawaru
Qazlal
Ru
Sif Muna
Trog
Uskayaw
Vehumet
Wu Jian
Xom
Yredelemnul
Zin
The Shining One

Shops:
D:5 *

Annotations:
D:4 4 runed translucent doors, Crazy Yiuf; shugdite's ghost, amateur DrBe


Innate Abilities, Weirdness & Mutations

Your life essence is reduced to manifest your ancestor. (-10% HP)
You can breathe wild blasts of lightning.
Your glossy black scales are hard. (AC +7)
You cannot fit into any form of body armour.
You are resistant to electric shocks. (rElec)
You are cold-blooded and may be slowed by cold attacks.


Message History

The orb of electricity engulfs the plant!!
The plant begins to die.
The plant is lightly damaged.
Boob Lady closely misses the komodo dragon.
The komodo dragon bites you!
Boob Lady closely misses the komodo dragon.
A nearby plant withers and dies. x4
A nearby plant withers and dies. x3
A nearby plant withers and dies. x3
You have got your breath back.
A centaur warrior simulacrum comes into view.
The centaur warrior simulacrum hits you!
The centaur warrior simulacrum freezes you!
The centaur warrior simulacrum misses you.
Boob Lady hits the centaur warrior simulacrum with a +0 flail.
The centaur warrior simulacrum barely misses you.
You block the centaur warrior simulacrum's attack.
The centaur warrior simulacrum hits you but does no damage.
The centaur warrior simulacrum kicks you but does no damage.
Casting: Searing Ray (safe; 1% risk of failure)
Confirm with . or Enter, or press ? or * to list all spells.
Okay, then.
Casting: Searing Ray (safe; 1% risk of failure)
Confirm with . or Enter, or press ? or * to list all spells.
You feel quick.
The centaur warrior simulacrum misses you.
The centaur warrior simulacrum kicks you but does no damage.
The centaur warrior simulacrum hits you.
The centaur warrior simulacrum freezes you!!
You feel yourself slow down.
* * * LOW HITPOINT WARNING * * *
The centaur warrior simulacrum kicks you but does no damage.
You feel yourself speed up.
Okay, then.
You feel better.
The centaur warrior simulacrum hits you.
* * * LOW HITPOINT WARNING * * *
The centaur warrior simulacrum freezes you!
You feel yourself slow down.
You die...

############### ..............#
#### ..............# #..# #
..............#### #..# #
.................###..# #
..................>...###########
.....[..........@Z...lR..........
....^........................#'##
.>.......##########......#####...
.........# .#......#.......
.........# .'......#.......
.........# ..#......#.......
.........##########......'.......
.........................########
..............######.............


You could see the friendly Boob Lady the knight, a komodo dragon (ally target)
and a centaur warrior simulacrum.

Vanquished Creatures
  A boulder beetle (D:10)
  4 two-headed ogres
  A troll (D:10)
  A hornet (D:10)
  A centaur simulacrum (D:10)
  A yak (D:7)
  Sigmund (D:3)
  2 water moccasins
  3 orc warriors
  A hornet zombie (D:8)
  A sky beast (D:6)
  2 black bears
  2 ice beasts
  4 necrophages (D:8)
  4 centaurs
  An ogre (D:6)
  3 kobold brigands
  3 phantoms
  7 bullfrogs
  2 wyvern zombies
  5 scorpions
  A wyvern skeleton (D:6)
  2 water moccasin skeletons
  A killer bee (D:8)
  9 wights
  2 howler monkeys
  An electric eel (D:10)
  5 centaur zombies
  A hound (D:6)
  6 orc priests
  A jelly (D:5)
  A bullfrog skeleton (D:5)
  2 gnoll shamans
  An iron imp (D:8)
  Jessica (D:2)
  An iguana (D:7)
  6 orc wizards
  A killer bee zombie (D:6)
  2 hound skeletons (D:4)
  Robin (D:3)
  10 gnolls
  6 adders
  9 white imps
  3 ufetubi
  An adder skeleton (D:4)
  4 worms
  2 dart slugs (D:1)
  30 orcs
  6 ball pythons
  7 endoplasms
  6 giant cockroaches
  13 goblins
  10 hobgoblins
  4 quokkas
  3 bats
  4 frilled lizards
  26 kobolds
  6 rats
245 creatures vanquished.

Vanquished Creatures (collateral kills)
  A two-headed ogre (D:10)
  A cyclops (D:8)
  A kobold demonologist (D:10)
  A troll (D:10)
  A polar bear (D:10)
  3 centaur simulacra (D:10)
  An acid dragon (D:9)
  An orc warrior (D:10)
  An ice beast (D:10)
  A sky beast (D:8)
  A necrophage (D:8)
  A bullfrog (D:8)
  A wight (D:8)
  A howler monkey (D:10)
  A centaur zombie (D:8)
  An orc wizard (D:9)
  A howler monkey zombie (D:9)
  A white imp (D:10)
  An orc (D:8)
  2 kobolds (D:8)
23 creatures vanquished.

Vanquished Creatures (others)
  5 ancestors
  2 knights (D:10)
  4 fungi (D:4)
  24 plants (D:10)
  2 withered plants (D:8)
37 creatures vanquished.

Grand Total: 305 creatures vanquished

Notes
Turn   | Place    | Note
-------+----------+-------------------------------------------
     0 | D:1      | Fartwhistle the Draconian Conjurer began the quest for the
                  | Orb.
     0 | D:1      | Reached XP level 1. HP: 14/14 MP: 3/3
   287 | D:1      | Reached XP level 2. HP: 20/20 MP: 5/5
   794 | D:1      | Reached XP level 3. HP: 26/26 MP: 1/6
  1120 | D:1      | Found a faded altar of an unknown god.
  1316 | D:2      | Learned a level 2 spell: Searing Ray
  1439 | D:2      | Noticed Jessica
  1442 | D:2      | Killed Jessica
  1443 | D:2      | Reached skill level 5 in Conjurations
  1722 | D:2      | Reached XP level 4. HP: 33/33 MP: 3/8
  2640 | D:3      | Noticed a black bear
  2707 | D:3      | Noticed a phantom
  2726 | D:3      | Killed a phantom
  2727 | D:3      | Reached skill level 1 in Fighting
  2727 | D:3      | Reached XP level 5. HP: 11/40 MP: 2/9
  3046 | D:3      | Learned a level 3 spell: Dazzling Flash
  3170 | D:3      | Noticed Robin
  3399 | D:3      | Noticed Sigmund
  3607 | D:3      | Killed a black bear
  3608 | D:3      | Reached skill level 6 in Conjurations
  3608 | D:3      | Reached XP level 6. HP: 40/47 MP: 3/11
  3801 | D:3      | Killed Robin
  4286 | D:4      | Found a staircase to the Ecumenical Temple.
  4295 | Temple   | Entered the Ecumenical Temple
  4926 | D:4      | Reached skill level 7 in Conjurations
  5217 | D:4      | Your scales start taking on a glossy black colour.
  5217 | D:4      | Reached XP level 7. HP: 52/52 MP: 5/13
  5217 | D:4      | Gained mutation: You are resistant to electric shocks.
                  | (rElec) [Black Draconian growth]
  5321 | D:4      | Found a runed translucent gate.
  5321 | D:4      | Found a runed translucent gate.
  5321 | D:4      | Found a runed translucent gate.
  5322 | D:4      | Noticed shugdite's ghost (amateur DrBe)
  5407 | D:4      | Found a glowing silver altar of Zin.
  5448 | D:4      | Found an ornate altar of the Wu Jian Council.
  5657 | D:4      | Found a runed translucent door.
  5658 | D:4      | Noticed Crazy Yiuf
  5856 | D:5      | Entered Level 5 of the Dungeon
  5893 | D:5      | Found Sitaoptu's Overcharged Wands.
  5984 | D:5      | Learned a level 3 spell: Swiftness
  5989 | D:5      | Learned a level 4 spell: Airstrike
  6189 | D:5      | Reached skill level 1 in Air Magic
  6770 | Temple   | Became a worshipper of Hepliaklqana the Forgotten
  7722 | D:5      | Reached XP level 8. HP: 28/62 MP: 1/15
  8124 | D:3      | Killed Sigmund
  8125 | D:3      | Reached skill level 8 in Conjurations
  8825 | D:5      | Reached skill level 5 in Spellcasting
  9704 | D:6      | Reached skill level 5 in Air Magic
  9865 | D:6      | Reached XP level 9. HP: 71/71 MP: 10/17
 10294 | D:7      | Reached skill level 9 in Conjurations
 10391 | D:7      | Found a burning altar of Makhleb.
 10391 | D:7      | Noticed an Executioner
 12455 | D:8      | Reached skill level 5 in Fighting
 12543 | D:8      | Found a snail-covered altar of Cheibriados.
 12768 | D:8      | Reached * piety under Hepliaklqana
 13427 | D:8      | Reached XP level 10. HP: 72/72 MP: 14/19
 13468 | D:8      | Reached skill level 10 in Conjurations
 14252 | D:8      | Noticed a two-headed ogre
 14539 | D:8      | Noticed a cyclops
 14547 | D:8      | Killed a cyclops
 14616 | D:8      | Noticed a two-headed ogre
 14668 | D:8      | Killed a two-headed ogre
 14669 | D:8      | Reached skill level 5 in Dodging
 15633 | D:7      | Killed a two-headed ogre
 16502 | D:9      | Found a sacrificial altar of Ru.
 16502 | D:9      | Found a broken altar of Ashenzari.
 16502 | D:9      | Found a glowing golden altar of the Shining One.
 16758 | D:9      | Identified the +6 rapier of Arrival {vorpal, *Noise Drain
                  | rF+++ SInv}
 16873 | D:9      | Noticed a two-headed ogre
 16886 | D:9      | Killed a two-headed ogre
 16887 | D:9      | Reached skill level 11 in Conjurations
 17218 | D:10     | Entered Level 10 of the Dungeon
 17241 | D:10     | Noticed a two-headed ogre
 17252 | D:10     | Reached XP level 11. HP: 71/81 MP: 12/21
 17401 | D:10     | Reached ** piety under Hepliaklqana
 17495 | D:10     | Remembered your ancestor Boob Lady as a knight
 17536 | D:10     | Noticed a two-headed ogre
 17541 | D:10     | Killed a two-headed ogre
 17803 | D:10     | Killed a two-headed ogre
 17804 | D:10     | Reached skill level 10 in Air Magic
 18101 | D:10     | Found a staircase to the Orcish Mines.
 18209 | D:10     | Noticed a boulder beetle
 18289 | D:10     | Killed a boulder beetle
 18901 | D:10     | Found a staircase to the Lair.
 18980 | D:10     | Slain by a centaur warrior simulacrum

Illustrated notes

Levels and vault maps discovered:
D:1:      dpeg_arrival_arbitrary_c, layout_loops_cross,
          shapermc_ecumenical_altar_mp_highgroup, minmay_misc_feat_iff
D:2:      layout_basic, uniq_jessica
D:3:      layout_loops_ring, uniq_robin, uniq_sigmund
D:4:      layout_loops_ring, mainiacjoe_overflow_catwalk, lemuel_crystal_altar,
          minmay_temple_entry_large_hall, gammafunk_ghost_nasty_kobolds,
          uniq_crazy_yiuf_cottage
D:5:      layout_rooms, nicolae_shop_overcharged_wands
D:6:      layout_basic
D:7:      kennysheep_six_static_rooms, layout_cave_pods,
          makhleb_altar_promises_db
D:8:      minmay_chambers_of_sixes, layout_basic, slow_altar_1, serial_undead,
          serial_undead_a, serial_undead_c, serial_undead_c, serial_undead_b,
          serial_undead_a, serial_undead_b, chequers_hall_statues_corner_a,
          kennysheep_crisscross, nrook_mini_vaults
D:9:      layout_loops_ring, gammafunk_temple_overflow_claw,
          eino_small_chamber_without_monster
D:10:     layout_irregular_city, david_lair_shrubbed, orc_0_dummy, serial_ice,
          serial_ice_e, serial_ice_c, serial_ice_l, serial_ice_m, serial_ice_b,
          serial_ice_n, serial_ice_a, serial_ice_f, serial_ice_d, serial_ice_h
Temple:   bh_familiar_temple

Skill      XL: |  1  2  3  4  5  6  7  8  9 10 11 |
---------------+----------------------------------+-----
Conjurations   | 5 6 7 8 9 11 | 11.4
Spellcasting   | 3 4 5 6 7 |  7.4
Fighting       | 1 2 4 5 6 7 |  7.3
Dodging        | 2 3 4 5 6 |  6.2
Air Magic      | 2 5 7 9 10 | 10.7
Stealth        | |  1.7

Action                   |  1- 3 |  4- 6 |  7- 9 | 10-12 || total
-------------------------+-------+-------+-------+-------++-------
Melee: Short sword       |    38 |       |       |       ||    38
       Unarmed           |     2 |       |       |       ||     2
       Tailslap          |     3 |     2 |     6 |     3 ||    14
       Hand axe          |       |    22 |    35 |    16 ||    73
       Punch             |       |     1 |       |       ||     1
 Cast: Magic Dart        |    63 |   122 |   284 |   182 ||   651
       Searing Ray       |     1 |     9 |    38 |    28 ||    76
       Airstrike         |       |       |    10 |    41 ||    51
       Dazzling Flash    |       |       |       |     5 ||     5
       Swiftness         |       |       |       |     1 ||     1
Invok: Ancestor Identity |       |       |     1 |       ||     1
       Ancestor Life: Kn |       |       |       |     1 ||     1
 Abil: Breathe Lightning |       |       |    11 |    13 ||    24
Evoke: Wand              |       |       |       |     2 ||     2
  Use: Scroll            |       |       |     7 |     1 ||     8
       Potion            |       |       |       |     1 ||     1
 Stab: Sleeping          |     1 |       |       |       ||     1
Armor: Skin              |    15 |    14 |    32 |    60 ||   121
Dodge: Dodged            |    31 |    18 |    80 |   107 ||   236
Block: Other             |       |    14 |    25 |    45 ||    84
       Reflection        |       |     2 |     5 |     1 ||     8
